 Dungeon Crawl Stone Soup version 0.31-a0-810-ga77100ea1a (webtiles) character file.

Game seed: 11366792061522583675

3552 dynsetu the Grappler (level 9, -11/79 HPs)
             Began as a Troll Shapeshifter on Sept 21, 2023.
             Was a Priest of Okawaru.
             Mangled by a small abomination (17 damage)
             ... on level 2 of the Abyss on Sept 22, 2023.
             The game lasted 00:21:21 (5118 turns).

dynsetu the Grappler (Troll Shapeshifter)           Turns: 5118, Time: 00:21:22

Health: -11/79     AC: 10    Str: 28    XL:     9   Next: 83%
Magic:  8/8        EV: 11    Int:  6    God:    Okawaru [***...]
Gold:   355        SH:  0    Dex: 15    Spells: 8/8 levels left

rFire   . .          .
                       - Unarmed
rCold   . . .        (no shield)
rNeg    . . .        K - +2 robe {Will+}
rPois   .            (helmet currently unavailable)
rElec   .            (cloak currently unavailable)
rCorr   .            (gloves unavailable)
SInv    .            (boots unavailable)
Will    +....        i - amulet of regeneration
Stlth   +            j - +6 ring of dexterity
HPRegen 1.93/turn    n - +4 ring of protection
MPRegen 0.11/turn

%: no passive effects
@: beast-form, attractive, hasted, very quick
A: beast (slay +4), large, unfitting armour, claws 3, regeneration 1, shaggy fur
1, tough skin 1
a: Begin Untransformation, Renounce Religion, Heroism


You were on level 2 of the Abyss.
You worshipped Okawaru.
Okawaru was most pleased with you.
You were a hulking beast.
You visited 2 branches of the dungeon, and saw 9 of its levels.
You visited the Abyss 1 time.
You also visited: Sewer and Ossuary.

You collected 368 gold pieces.
You spent 13 gold pieces at shops.

Inventory:

Missiles
 l - 88 stones
 m - 13 poisoned darts
 r - 3 large rocks (quivered)
 H - a boomerang
 P - a curare-tipped dart
Armour
 e - an orb of wrath
 g - a +0 cloak
 z - an orb of light
 G - a +0 pair of gloves
 K - a +2 robe of willpower (worn)
 M - a scarf of invisibility
Jewellery
 a - a ring of protection from fire
 i - an amulet of regeneration (around neck)
 j - a +6 ring of dexterity (left claw)
 n - a +4 ring of protection (right claw)
 w - a ring of ice
 I - a ring of poison resistance
Talismans
 c - a beast talisman (active)
 d - a flux talisman
 t - a dragon-blood talisman
 Q - a talisman of death
Wands
 k - a wand of flame (16)
 D - a wand of mindburst (27)
Scrolls
 o - 2 scrolls of fear {unknown}
 q - 7 scrolls of teleportation {unknown}
 s - 13 scrolls of identify {unknown}
 u - 3 scrolls of enchant armour {unknown}
 v - a scroll of revelation {unknown}
 y - a scroll of poison {unknown}
 A - 3 scrolls of amnesia {unknown}
 F - 2 scrolls of enchant weapon {unknown}
 J - a scroll of immolation {unknown}
 L - a scroll of noise {unknown}
Potions
 b - 8 potions of lignification
 f - a potion of heal wounds {unknown}
 h - 3 potions of attraction
 p - 2 potions of curing {unknown}
 x - 3 potions of haste
 B - 2 potions of resistance {unknown}
 C - a potion of berserk rage {unknown}
 E - 4 potions of invisibility {unknown}
 N - a potion of magic {unknown}
 O - 3 potions of might {unknown}
 R - a potion of brilliance {unknown}
 S - a potion of enlightenment {unknown}
 T - 2 potions of mutation {unknown}
 U - a potion of cancellation {unknown}


   Skills:
 + Level 2.0 Fighting
 + Level 0.3 Throwing
 + Level 4.4 Dodging
 + Level 11.1 Unarmed Combat
 + Level 0.4 Evocations
 * Level 7.2 Shapeshifting


You had 8 spell levels left.
You didn't know any spells.
Your spell library contained the following spells:

 Spells                   Type           Power      Damage    Failure   Level
 Kiss of Death            Conj/Necr      0%         2d5       45%         1
 Confusing Touch          Hex            0%         N/A       83%         3
 Anguish                  Hex/Necr       0%         N/A       99%         4
 Cause Fear               Hex            0%         N/A       99%         4
 Dispel Undead            Necr           0%         3d6       99%         4
 Enfeeble                 Hex            0%         N/A       100%        7


Dungeon Overview and Level Annotations

Branches:
Dungeon (8/15)             Temple (1/1) D:7           Sewer (visited)
Ossuary (visited)
   Lair: D:8-11

Altars:
Ashenzari
Cheibriados
Elyvilon
Fedhas
Gozag
Hepliaklqana
Kikubaaqudgha
Makhleb
Nemelex Xobeh
Okawaru
Qazlal
Sif Muna
Trog
Uskayaw
Wu Jian
Xom
Yredelemnul
Zin
The Shining One

Shops:
D:1 *[![=   D:3 *   D:7 =

Annotations:
D:8 Psyche


Innate Abilities, Weirdness & Mutations

You are a hulking beast.
Your limbs bulge with bestial killing power. (Slay +4)
You are too large for most types of armour.
You have claws for hands.
Your natural rate of healing is unusually fast.
You are covered in fur. (AC +1)
You have tough skin. (AC +1)


Message History

The centaur warrior simulacrum hits you.
The centaur warrior simulacrum freezes you!!
* * * LOW HITPOINT WARNING * * *
The centaur warrior simulacrum kicks you but does no damage.
You scratch the centaur warrior simulacrum.
The centaur warrior simulacrum is severely damaged.
Tentacles burst from the starspawn's body!
The centaur warrior simulacrum barely misses you. x2 2 starspawn tentacles come into view.
Unknown command.
You mangle the centaur warrior simulacrum!!
The centaur warrior simulacrum vaporises!
Okawaru accepts your kill.
Your Fighting skill increases to level 2!
Unknown command.
The small abomination closely misses you.
The starspawn tentacle is engulfed in freezing vapours.
The small abomination hits you!
* * * LOW HITPOINT WARNING * * *
Unknown command.
You mangle the starspawn tentacle!!
You destroy the starspawn tentacle!
The tentacled starspawn is engulfed in freezing vapours.
A tentacle flies out from the starspawn's body!
A starspawn tentacle comes into view.
The small abomination hits you!
* * * LOW HITPOINT WARNING * * *
The tentacled starspawn is engulfed in freezing vapours.
The small abomination attacks as it pursues you!
The small abomination hits you!
* * * LOW HITPOINT WARNING * * *
It was a potion of attraction.
You feel attractive to monsters. The small abomination hits you.
* * * LOW HITPOINT WARNING * * *
Unknown command.
It was a potion of haste.
You feel yourself speed up.
An apocalypse crab comes into view.
The small abomination hits you!
You die...

#....... #.#.
.. #. ###...
#.#. ## . #
.##.*# ##. .
#. ##.## ##.
####.#..*##.#
. .
.......X...#
..#####│##..#
#..xw# ..#
##h#.# ##
#..## ..#..
#...t..# #...
### ..### ...
###


You could see a tentacled starspawn, a wretched star, an apocalypse crab
(wandering), a small abomination and a starspawn tentacle.

Vanquished Creatures
  Grinder (Sewer)
  A centaur simulacrum (Abyss:2)
  Duvessa (D:5)
  3 water moccasins
  A sky beast (D:6)
  An orc warrior (D:3)
  5 black bears
  2 centaurs
  A phantom (D:7)
  2 kobold brigands (Sewer)
  A bullfrog (D:7)
  2 scorpions (D:5)
  8 water moccasin zombies (Ossuary)
  Dowan (D:5)
  A howler monkey (D:6)
  2 jellies
  3 hounds
  A gnoll bouda (D:5)
  5 orc priests
  A quasit (Sewer)
  A sleepcap (D:5)
  Ijyb (D:5)
  Terence (D:2)
  2 iguanas
  Natasha (twice) (D:2)
  5 orc wizards
  3 mummies
  8 gnolls
  9 adders
  A river rat (D:6)
  5 shadow imps
  An ufetubus (Sewer)
  A worm zombie (D:6)
  2 adder zombies (Ossuary)
  5 worms
  A dart slug (D:3)
  19 orcs
  A bat zombie (Sewer)
  14 endoplasms
  7 giant cockroaches
  8 goblins
  8 hobgoblins
  8 jackals (D:1)
  18 kobolds
  5 quokkas
  9 ball pythons
  5 bats
  5 frilled lizards
  A giant cockroach zombie (Sewer)
  5 gnoll zombies (Ossuary)
  7 hobgoblin zombies
  8 kobold zombies
  4 orc zombies (Ossuary)
  8 rats
  A starspawn tentacle (Abyss:2)
232 creatures vanquished.

Vanquished Creatures (others)
  7 starspawn tentacles (Abyss:2)
7 creatures vanquished.

Grand Total: 239 creatures vanquished

Notes
Turn   | Place    | Note
-------+----------+-------------------------------------------
     0 | D:1      | dynsetu the Troll Shapeshifter began the quest for the Orb.
     0 | D:1      | Reached XP level 1. HP: 18/18 MP: 0/0
    43 | D:1      | Reached XP level 2. HP: 26/26 MP: 1/1
    78 | D:1      | Found Vuyhuh's Assorted Antiques.
   144 | D:1      | Found Ryosoimo's Armour Boutique.
   199 | D:1      | Reached XP level 3. HP: 30/32 MP: 2/2
   207 | D:1      | Found Focwiuh's Jewellery Shoppe.
   306 | D:1      | Found Ymaqenia's Distillery.
   336 | D:1      | Bought a potion of degeneration for 13 gold pieces
   348 | D:1      | Found Udwe's Antique Armour Shop.
   580 | D:1      | Found a faded altar of an unknown god.
   802 | D:2      | Noticed Natasha
   812 | D:2      | Killed Natasha
   813 | D:2      | Reached XP level 4. HP: 40/40 MP: 3/3
   911 | D:2      | Reached skill level 1 in Fighting
   911 | D:2      | Reached skill level 4 in Unarmed Combat
   943 | D:2      | Noticed Natasha
   943 | D:2      | Noticed Terence
   951 | D:2      | Killed Terence
   967 | D:2      | Killed Natasha
   968 | D:2      | Reached XP level 5. HP: 48/48 MP: 4/4
  1371 | D:3      | Noticed an orc warrior
  1734 | D:3      | Killed an orc warrior
  1735 | D:3      | Reached skill level 5 in Unarmed Combat
  1735 | D:3      | Reached XP level 6. HP: 45/55 MP: 5/5
  1748 | D:3      | Found Xaqaos's Assorted Antiques.
  1876 | D:3      | Found a hide-covered altar of Uskayaw.
  2733 | D:5      | Entered Level 5 of the Dungeon
  2778 | D:5      | Reached skill level 6 in Unarmed Combat
  2778 | D:5      | Reached XP level 7. HP: 62/62 MP: 6/6
  2845 | D:5      | Identified the +3 flail "Dimategg" {heavy, rC+ rN+ Int+4}
  2848 | D:5      | Found an iron altar of Okawaru.
  2856 | D:5      | Became a worshipper of Warmaster Okawaru
  2883 | D:5      | Noticed Ijyb
  2895 | D:5      | Killed Ijyb
  2960 | D:5      | Reached skill level 7 in Unarmed Combat
  2960 | D:5      | Reached skill level 5 in Shapeshifting
  3002 | D:5      | Noticed Dowan
  3009 | D:5      | Noticed Duvessa
  3014 | D:5      | Killed Dowan
  3014 | D:5      | Reached * piety under Okawaru
  3020 | D:5      | Killed Duvessa
  3021 | D:5      | Reached XP level 8. HP: 34/70 MP: 7/7
  3058 | D:5      | Reached skill level 8 in Unarmed Combat
  3257 | D:6      | Found a broken altar of Ashenzari.
  3367 | D:6      | Reached ** piety under Okawaru
  3435 | D:6      | Found a glowing drain.
  3442 | Sewer    | Entered a sewer
  3467 | Sewer    | Reached skill level 9 in Unarmed Combat
  3529 | Sewer    | Found a burning altar of Makhleb.
  3541 | Sewer    | Noticed Grinder
  3553 | Sewer    | Killed Grinder
  3590 | Sewer    | Reached XP level 9. HP: 79/79 MP: 8/8
  3765 | D:6      | Found a sand-covered staircase.
  3776 | Ossuary  | Entered an ossuary
  3837 | Ossuary  | Reached *** piety under Okawaru
  3884 | Ossuary  | Reached skill level 10 in Unarmed Combat
  4107 | D:6      | Found an ornate altar of the Wu Jian Council.
  4124 | D:6      | Found a white marble altar of Elyvilon.
  4537 | D:7      | Found Jogem's Jewellery Emporium.
  4875 | D:7      | Found a staircase to the Ecumenical Temple.
  4901 | Temple   | Entered the Ecumenical Temple
  4969 | D:8      | Reached skill level 11 in Unarmed Combat
  5009 | D:8      | Noticed Psyche
  5022 | Abyss:2  | Cast into level 2 of the Abyss (Psyche)
  5082 | Abyss:2  | Noticed a tentacled starspawn
  5103 | Abyss:2  | Noticed a wretched star
  5116 | Abyss:2  | HP: 3/79 [small abomination (9)]
  5118 | Abyss:2  | Noticed an apocalypse crab
  5118 | Abyss:2  | Mangled by a small abomination

Illustrated notes

Levels and vault maps discovered:
D:1:      lemuel_arrival_funnel, layout_basic, basic_ecumenical_altar,
          serial_shops, nicolae_shop_tiny_waterfront,
          nicolae_shop_advertising_works [nicolae_subvault_shop_adworks],
          nicolae_shop_stone, nicolae_shop_gibbet_a_chance, shop, minmay_3d_cube
D:2:      layout_loops_ring, grunt_decor_resistance, serial_bayou_lake_a,
          uniq_terence, uniq_natasha
D:3:      layout_rooms, mainiacjoe_overflow_24_doors, serial_shops, shop,
          minmay_misc_feat_tower
D:4:      layout_loops_cross, minmay_mini_ossuary
D:5:      layout_basic, okawaru_ov_weapons_minmay, uniq_duvessa, uniq_ijyb
D:6:      layout_loops_ring, cheibrodos_ashenzari_chains,
          mainiacjoe_overflow_catwalk_spiral, gup_sewer_entry_bubbles,
          enter_ossuary_3
D:7:      layout_rooms, minmay_temple_entry_proselytizer, serial_shops, shop
D:8:      layout_basic, minmay_orc_keep, uniq_psyche
Temple:   nicolae_temple_great_sept
Abyss:2:  base:
Temple

Skill      XL: |  1  2  3  4  5  6  7  8  9 |
---------------+----------------------------+-----
Dodging        | 2 3 4 |  4.4
Fighting       | 1 2 |  2.0
Unarmed Combat | 4 5 6 7 9 11 | 11.1
Shapeshifting  | 4 5 6 7 |  7.2
Throwing       | |  0.3
Evocations     | |  0.4

Action                     |  1- 3 |  4- 6 |  7- 9 || total
---------------------------+-------+-------+-------++-------
  Melee: Unarmed           |    77 |   145 |   294 ||   516
         Punch             |     1 |     2 |    18 ||    21
  Throw: Large rock        |       |       |     3 ||     3
 Invoke: Heroism           |       |       |     1 ||     1
  Evoke: Wand              |       |       |     3 ||     3
    Use: Potion            |       |       |     2 ||     2
   Stab: Sleeping          |     2 |     4 |     3 ||     9
         Distracted        |       |       |     1 ||     1
 Armour: Animal skin       |    59 |    62 |    32 ||   153
         Robe              |       |       |   152 ||   152
  Dodge: Dodged            |    40 |    63 |   124 ||   227

Table legend: (Time is in decaauts)
 A = Elapsed time spent in this place.
 B = Non-inter-level travel time spent in this place.
 C = Inter-level travel time spent in this place.
 D = Time resting spent in this place.
 E = Time spent auto-exploring this place.
 F = Levels seen in this place.
 G = Mean time per level.
                   A        B        C        D        E       F      G
               +--------+--------+--------+--------+--------+-----+--------+
         Total |   5065 |   4857 |    208 |    114 |   3035 |  12 |  422.1 |
       Dungeon |   4555 |   4347 |    208 |    114 |   3035 |   8 |  569.4 |
        Temple |      1 |      1 |      0 |      0 |      0 |   1 |    1.0 |
         Abyss |     94 |     94 |      0 |      0 |      0 |   1 |   94.0 |
         Sewer |    260 |    260 |      0 |      0 |      0 |   1 |  260.0 |
       Ossuary |    153 |    153 |      0 |      0 |      0 |   1 |  153.0 |
               +--------+--------+--------+--------+--------+-----+--------+

Top non-repeatable levels by time:
     D:6: 847 daAuts
     D:2: 773 daAuts
     D:3: 709 daAuts
     D:4: 624 daAuts
     D:1: 615 daAuts
     D:5: 505 daAuts
     D:7: 464 daAuts
   Sewer: 260 daAuts
 Ossuary: 153 daAuts
 Abyss:2: 94 daAuts
     D:8: 13 daAuts
  Temple: 1 daAuts
